 Dungeon Crawl Stone Soup version 0.31-a0-95-g6fa058ef04 (webtiles) character file.

Game seed: 1278148309322294215

1048 Drazool the Skirmisher (level 8, -2/56 HPs)
             Began as a Formicid Hunter on May 25, 2023.
             Slain by an ice beast (7 damage)
             ... on level 6 of the Dungeon.
             The game lasted 00:10:03 (3937 turns).

Drazool the Skirmisher (Formicid Hunter)            Turns: 3937, Time: 00:10:03

Health: -2/56      AC:  4    Str: 22    XL:     8   Next: 50%
Magic:  0/8        EV: 12    Int:  9    God:
Gold:   183        SH:  0    Dex: 19    Spells: 7/7 levels left

rFire   . . .        k - +0 shortbow (elec)
rCold   . . .        (no shield)
rNeg    . . .        c - +0 leather armour
rPois   .            (helmet unavailable)
rElec   .            (no cloak)
rCorr   .            (no gloves)
SInv    +            f - +0 pair of boots
Will    .....        l - amulet of guardian spirit
Stlth   ++           S - +6 ring of strength
HPRegen 0.29/turn    (no ring)
MPRegen 0.11/turn

%: guardian spirit
@: invisible
A: permanent stasis, dig shafts and tunnels, antennae 3, four strong arms
a: Dig, Shaft Self


You were on level 6 of the Dungeon.
You visited 1 branch of the dungeon, and saw 6 of its levels.
You also visited: Sewer.

You collected 343 gold pieces.
You spent 160 gold pieces at shops.


Innate Abilities, Weirdness & Mutations

You cannot be hasted, slowed, berserked, paralysed or teleported.
You can dig through walls and to a lower floor.
You have a pair of large antennae on your head. (SInv)
Your four strong arms can wield two-handed weapons with a shield.


   Skills:
 - Level 2.1 Fighting
 + Level 10.2 Ranged Weapons
 - Level 1.7 Dodging
 - Level 1.2 Stealth


You had 7 spell levels left.
You didn't know any spells.
Your spell library contained the following spells:

 Spells                   Type           Power      Damage    Failure   Level
 Foxfire                  Conj/Fire      0%         2x1d4     43%         1
 Magic Dart               Conj           0%         1d3       43%         1
 Call Imp                 Summ           0%         N/A       56%         2
 Cigotuvi's Dreadful Rot  Necr/Pois/Air  0%         N/A       56%         2
 Scorch                   Fire           0%         2d5       56%         2
 Ignite Poison            Fire/Tmut/Pois 0%         N/A       80%         3
 Mephitic Cloud           Conj/Pois/Air  0%         N/A       80%         3
 Flame Wave               Conj/Fire      0%         2d4       99%         4
 Fireball                 Conj/Fire      0%         3d3       100%        5
 Freezing Cloud           Conj/Ice/Air   0%         6-21      100%        5
 Plasma Beam              Fire/Air       0%         2x1d11    100%        6
 Starburst                Conj/Fire      0%         6d3       100%        6
 Summon Cactus Giant      Summ           0%         N/A       100%        6

Inventory:

Hand Weapons
 a - a +0 shortbow
 k - a +0 shortbow of electrocution (weapon)
Armour
 c - a +0 leather armour (worn)
 f - a +0 pair of boots (worn)
Jewellery
 l - an amulet of guardian spirit (around neck)
 I - a +6 ring of intelligence
 S - a +6 ring of strength (left hand)
 Z - a ring of wizardry
Scrolls
 b - a scroll of immolation
 n - a scroll of enchant weapon
Potions
 d - 2 potions of mutation
 e - a potion of curing {@q1}
 g - a potion of degeneration {unknown}
 h - 2 potions of brilliance {unknown}
 i - a potion of attraction {unknown}
 j - a potion of ambrosia {unknown}
 m - a potion of magic {unknown}
 o - 2 potions of invisibility
 q - a potion of might {unknown}
 r - 2 potions of haste {unknown}

Dungeon Overview and Level Annotations

Branches:
Dungeon (6/15)              Sewer (visited)
 Temple: D:4-7

Altars:
Elyvilon
Fedhas
Ru
Wu Jian
The Shining One

Shops:
D:6 !

Annotations:
D:4 2 transporters, Pokonic1's ghost, weakling NaVM

##..~≈.....~≈.#....
#...##≈~.~~##......
#...##~~.~~##......
##...........$..#
#............#..##.
##.###.............
.#...#...........#.#
..........#Y#...##
..........⌠#@#⌠..##.
..........###'###....
.#........'''∩+ .....
..#.....###'###..$..
. #......⌠#'#⌠?.....
##......#'#.......
##..#............
##..#.##.........
.................


You could see an ice beast (unable to see you).


Message History

You shoot an arrow. The arrow hits the ice beast.
The ice beast is moderately wounded.
The ice beast closely misses you.
You shoot an arrow.
The arrow hits the ice beast but does no damage.
The ice beast is moderately wounded.
The ice beast completely misses you.
You shoot an arrow.
The arrow completely misses the ice beast.
The ice beast hits you but does no damage.
You shoot an arrow.
The arrow hits the ice beast but does no damage.
The ice beast is moderately wounded.
The ice beast hits you. The ice beast freezes you!
You shoot an arrow. The arrow barely misses the ice beast.
The ice beast hits you. The ice beast freezes you!
* * * LOW HITPOINT WARNING * * *
You shoot an arrow. The arrow barely misses the ice beast.
The ice beast hits you.
* * * LOW HITPOINT WARNING * * *
The ice beast freezes you!
* * * LOW HITPOINT WARNING * * *
You shoot an arrow. The arrow hits the ice beast.
The ice beast is heavily wounded.
The ice beast closely misses you.
You fade into invisibility!
The ice beast hits you.
* * * LOW HITPOINT WARNING * * *
The ice beast freezes you!
You die...

Skill      XL: |  1  2  3  4  5  6  7  8 |
---------------+-------------------------+-----
Ranged Weapons | 5 7 8 9 10 | 10.2
Fighting       | |  2.1
Dodging        | |  1.7
Stealth        | |  1.2

Action                     |  1- 3 |  4- 6 |  7- 9 || total
---------------------------+-------+-------+-------++-------
   Fire: Shortbow          |    85 |   186 |   147 ||   418
Ability: Dig               |     4 |       |     4 ||     8
    Use: Scroll            |       |     7 |     3 ||    10
         Potion            |       |       |     2 ||     2
 Armour: Leather armour    |     6 |    20 |    11 ||    37
  Dodge: Dodged            |    22 |    43 |    31 ||    96

Levels and vault maps discovered:
D:1:      onia_arrival_handbag, layout_basic, ebering_ecumenical_altar_hall,
          minmay_heptomino_w4
D:2:      layout_rooms, uniq_jessica
D:3:      layout_loops_ring, nicolae_wu_jian_wuxing_cycle,
          nicolae_elyvilon_peaceful_grove
D:4:      layout_basic, nicolae_ru_sacrificial_ziggurat, gammafunk_ghost_arena
D:5:      layout_cave_pools, mainiacjoe_overflow_small_starburst, fedhas_altar_3
D:6:      layout_cave_pools, mainiacjoe_overflow_concentric_impassable,
          lemuel_crystal_altar, minmay_temple_entry_slanted, serial_shops,
          nicolae_shop_real_fake_doors, cheibrodos_sewer_entry_sluice,
          minmay_fountain_box, uniq_maggie

Notes
Turn   | Place    | Note
-------+----------+-------------------------------------------
     0 | D:1      | Drazool the Formicid Hunter began the quest for the Orb.
     0 | D:1      | Reached XP level 1. HP: 16/16 MP: 1/1
    35 | D:1      | Reached XP level 2. HP: 22/22 MP: 2/2
   258 | D:1      | Found a faded altar of an unknown god.
   274 | D:1      | Reached XP level 3. HP: 27/27 MP: 3/3
   349 | D:1      | Reached skill level 5 in Ranged Weapons
   806 | D:2      | Noticed Jessica
   808 | D:2      | Killed Jessica
   809 | D:2      | Reached XP level 4. HP: 33/33 MP: 4/4
   968 | D:2      | Reached XP level 5. HP: 38/38 MP: 5/5
   970 | D:2      | Reached skill level 6 in Ranged Weapons
  1565 | D:3      | Found a white marble altar of Elyvilon.
  1767 | D:3      | Found an ornate altar of the Wu Jian Council.
  2196 | D:4      | Found a transporter.
  2196 | D:4      | Noticed Pokonic1's ghost (weakling NaVM)
  2199 | D:4      | Noticed a kobold brigand
  2238 | D:4      | Reached skill level 7 in Ranged Weapons
  2238 | D:4      | Reached XP level 6. HP: 44/44 MP: 6/6
  2546 | D:4      | Found a sacrificial altar of Ru.
  2656 | D:4      | Found a transporter.
  2773 | D:5      | Entered Level 5 of the Dungeon
  2789 | D:5      | Reached skill level 8 in Ranged Weapons
  2789 | D:5      | Reached XP level 7. HP: 50/50 MP: 7/7
  3153 | D:5      | Found a glowing golden altar of the Shining One.
  3177 | D:5      | Reached skill level 9 in Ranged Weapons
  3177 | D:5      | Reached XP level 8. HP: 56/56 MP: 8/8
  3224 | D:5      | Found a blossoming altar of Fedhas.
  3419 | D:6      | Found Vusk's Distillery.
  3422 | D:6      | Bought 2 potions of invisibility for 160 gold pieces
  3435 | D:6      | Found a glowing drain.
  3446 | Sewer    | Entered a sewer
  3882 | D:6      | Reached skill level 10 in Ranged Weapons
  3935 | D:6      | HP: 5/56 [ice beast (10)]
  3937 | D:6      | Slain by an ice beast

Vanquished Creatures
  A water moccasin (D:6)
  An ogre (D:5)
  A phantom (D:5)
  A kobold brigand (Sewer)
  A gnoll sergeant (D:5)
  A scorpion (D:6)
  A jelly (D:4)
  An orc priest (D:4)
  2 sleepcaps
  Jessica (D:2)
  5 iguanas
  4 gnolls (D:5)
  16 adders
  A river rat (D:6)
  A white imp (D:6)
  2 ufetubi
  A worm (D:3)
  A dart slug (D:2)
  4 orcs
  4 bats
  9 endoplasms
  3 giant cockroaches
  4 goblins
  9 hobgoblins
  2 jackals (D:1)
  4 quokkas
  11 ball pythons
  5 frilled lizards
  20 kobolds
  11 rats
128 creatures vanquished.

Table legend: (Time is in decaauts)
 A = Elapsed time spent in this place.
 B = Non-inter-level travel time spent in this place.
 C = Inter-level travel time spent in this place.
 D = Time resting spent in this place.
 E = Time spent auto-exploring this place.
 F = Levels seen in this place.
 G = Mean time per level.
                   A        B        C        D        E       F      G
               +--------+--------+--------+--------+--------+-----+--------+
         Total |   3984 |   3894 |     90 |    371 |   2614 |   7 |  569.1 |
       Dungeon |   3556 |   3466 |     90 |    219 |   2471 |   6 |  592.7 |
         Sewer |    427 |    427 |      0 |    152 |    143 |   1 |  427.0 |
               +--------+--------+--------+--------+--------+-----+--------+

Top non-repeatable levels by time:
     D:3: 886 daAuts
     D:1: 715 daAuts
     D:5: 625 daAuts
     D:2: 602 daAuts
     D:4: 600 daAuts
   Sewer: 427 daAuts
     D:6: 124 daAuts

Table legend:
 A = Non-vault XP
 B = Vault XP
 C = Vault XP percentage of total XP
 D = Non-vault monster count
 E = Vault monster count
 F = Vault count percentage of total count
                 A         B        C        D         E       F
            +---------+---------+-------+---------+---------+-------
      Total |    1288 |     210 |  14.0 |      93 |      35 |  27.3
            +---------+---------+-------+---------+---------+-------
        D:1 |      35 |      14 |  28.6 |      23 |       8 |  25.8
        D:2 |      79 |      37 |  31.9 |      17 |       1 |   5.6
        D:3 |      59 |       0 |   0.0 |      14 |       0 |   0.0
        D:4 |     273 |       0 |   0.0 |      19 |       0 |   0.0
        D:5 |     557 |       0 |   0.0 |      16 |       0 |   0.0
        D:6 |     285 |      14 |   4.7 |       4 |       2 |  33.3
      Sewer |       0 |     145 | 100.0 |       0 |      24 | 100.0
            +---------+---------+-------+---------+---------+-------
